 Dungeon Crawl Stone Soup version 0.21-a0-111-g52d2817 (webtiles) character file.

211 sagitran the Skirmisher (level 5, 0/42 HPs)
             Began as a Demonspawn Abyssal Knight on July 11, 2017.
             Was a Believer of Lugonu.
             Slain by a scorpion (5 damage)
             ... on level 3 of the Dungeon.
             The game lasted 00:22:26 (4350 turns).

sagitran the Skirmisher (Demonspawn Abyssal Knight) Turns: 4350, Time: 00:22:26

Health: 0/42       AC:  6    Str: 13    XL:     5   Next: 57%
Magic:  0/6        EV:  9    Int: 14    God:    Lugonu [**....]
Gold:   152        SH:  0    Dex: 12    Spells: 4/4 levels left

rFire    . . .     SeeInvis .   l - +4 short sword
rCold    . . .     Gourm    .   (no shield)
rNeg     . . .     Faith    .   r - +0 scale mail
rPois    .         Spirit   +   (helmet restricted)
rElec    .         Reflect  .   e - scarf {repulsion}
rCorr    .         Harm     .   (no gloves)
MR       .....                  (no boots)
Stlth    ..........             (no amulet)
HPRegen  0.14/turn              n - ring of flight
MPRegen  0.10/turn              (no ring)

@: repel missiles
A: antennae 1, magic shield
a: Depart the Abyss, Bend Space, Renounce Religion, Evoke Flight


You were on level 3 of the Dungeon.
You worshipped Lugonu.
Lugonu was pleased with you.
You were not hungry.

You visited 1 branch of the dungeon, and saw 4 of its levels.
You visited the Abyss 1 time.

You collected 152 gold pieces.

Inventory:

Hand Weapons
 a - a +1 mace
 l - a +4 short sword (weapon)
 v - a +0 blowgun
Missiles
 w - 5 poisoned needles
Armour
 b - a +0 leather armour
 e - a scarf of repulsion (worn)
 r - a +0 scale mail (worn)
Jewellery
 n - a ring of flight (left hand)
Scrolls
 f - 2 scrolls of random uselessness {unknown}
 i - 4 scrolls of teleportation {unknown}
 k - 2 scrolls of enchant armour {unknown}
 o - a scroll of amnesia {unknown}
 q - a scroll of remove curse {unknown}
 s - 3 scrolls of recharging {unknown}
 u - 2 scrolls of identify {unknown}
Potions
 g - a potion of mutation {unknown}
 h - a potion of flight {unknown}
 p - a potion of lignification {unknown}
Comestibles
 c - a bread ration
 j - a royal jelly
 m - a meat ration


   Skills:
 + Level 3.7 Fighting
 + Level 2.3 Short Blades
 + Level 2.6 Maces & Flails
 + Level 0.1 Throwing
 + Level 3.1 Armour
 + Level 1.6 Dodging
 + Level 2.6 Invocations


You had 4 spell levels left.
You didn't know any spells.

Dungeon Overview and Level Annotations

Branches:
Dungeon (4/15)
 Temple: D:4-7

Altars:
Cheibriados
Elyvilon
Hepliaklqana
Nemelex Xobeh
Okawaru
Uskayaw


Innate Abilities, Weirdness & Mutations

You have a pair of small antennae on your head.
When hurt, damage is shared between your health and your magic reserves.


Message History

Press: ? - help, Shift-Dir - straight line, f/p - gnoll
Aim: a gnoll, wielding an enchanted whip (poisoned)
You shoot a poisoned needle. The poisoned needle hits the gnoll.
The gnoll looks even sicker.
The gnoll hits you with an enchanted whip.
* * * LOW HITPOINT WARNING * * *
Wield which item (- for none, * to show all)? (? for menu, Esc to quit)
l - a +4 short sword (weapon)
The gnoll hits you with an enchanted whip.
* * * LOW HITPOINT WARNING * * *
The gnoll looks more healthy.
You fail to use your ability.
The gnoll hits you with a flail of protection!
* * * LOW HITPOINT WARNING * * *
A scorpion comes into view.
The scorpion completely misses you. The scorpion closely misses you.
There is a stone staircase leading down here.
The scorpion stings you!
You die...

......................#####
.........#................#
........................#.#
.......#####.#..........#.##
.......# #.#.............#
.......# #.#.#####....####
.......# #.#.# ##g#.#
.......#####.#.### #.#.#
..............gs@####.#.#
.......#####g#.##.....#.#
.#...........####.#####.#
....#######...{gg..# #.#
....#######.#####..# #.#
..........#.....#..# #.#
..........#####.#..# #.#
...................# #.#
..........#####.##.# #.#


You could see a scorpion and 2 gnolls.

Vanquished Creatures
  6 gnolls (D:3)
  5 adders
  2 oozes
  3 worms
  2 dart slugs
  A leopard gecko (D:3)
  4 orcs (D:3)
  9 bats
  5 giant cockroaches
  10 goblins
  7 hobgoblins
  7 jackals
  4 kobolds
  5 frilled lizards
  13 rats
83 creatures vanquished.

Notes
Turn   | Place    | Note
-------+----------+-------------------------------------------
     0 | Abyss:1  | sagitran the Demonspawn Abyssal Knight began the quest for the Orb.
     0 | Abyss:1  | Reached XP level 1. HP: 18/18 MP: 2/2
     7 | Abyss:2  | Found a corrupted altar of Lugonu.
     8 | Abyss:2  | Noticed a chaos spawn
     8 | Abyss:2  | Noticed a thrashing horror
     8 | Abyss:2  | Noticed an ophan
     8 | Abyss:2  | Noticed a smoke demon
     9 | Abyss:2  | Noticed an apocalypse crab
     9 | Abyss:2  | Noticed an unseen horror
    13 | Abyss:2  | Noticed an eye of devastation
    18 | D:1      | Escaped the Abyss
    36 | D:1      | Reached * piety under Lugonu
   116 | D:1      | Gained mutation: When hurt, damage is shared between your health and your magic reserves. [demonic ancestry]
   116 | D:1      | Reached XP level 2. HP: 15/24 MP: 3/3
   146 | D:1      | Reached skill level 1 in Dodging
   513 | D:2      | Reached XP level 3. HP: 21/29 MP: 2/4
  1228 | D:2      | Reached ** piety under Lugonu
  1244 | D:2      | Found a hide-covered altar of Uskayaw.
  1247 | D:2      | Noticed a hand axe
  1247 | D:2      | Noticed a hand axe
  1831 | D:2      | Reached XP level 4. HP: 31/35 MP: 3/5
  2193 | D:2      | Found a white marble altar of Elyvilon.
  2495 | D:2      | Found an iron altar of Okawaru.
  2583 | D:3      | Reached skill level 1 in Short Blades
  2970 | D:3      | Found a hazy altar of Hepliaklqana.
  3188 | D:3      | Found a sparkling altar of Nemelex Xobeh.
  3343 | D:3      | Found a snail-covered altar of Cheibriados.
  3491 | D:3      | Gained mutation: You have a pair of small antennae on your head. [demonic ancestry]
  3491 | D:3      | Reached XP level 5. HP: 32/41 MP: 4/6
  3751 | D:3      | HP: 2/41 [gnoll/spear of piercing (1)]
  4328 | D:3      | HP: 2/42 [gnoll/flail of protection (8)]
  4350 | D:3      | Slain by a scorpion

Vault maps used:
D:1:      lemuel_arrival_behind_the_door_large, glass_columns_a
D:2:      okawaru_metal_pillars_1_2, dancing_weapons_uskayaw, elyvilon_altar_3
D:3:      kennysheep_slug_shrine, nicolae_overflow_hidden_temple,
          lemuel_doored_altar, hex_large
D:4:      first_bread, minmay_a_box_with_orc_wizards_in_it
Abyss:1:  minivault_1
Abyss:2:  hangedman_steaming_rock, abyss_furniture_001, minivault_22

Skill      XL: |  1  2  3  4  5 |
---------------+----------------+-----
Maces & Flails | 2 |  2.6
Dodging        | 1 |  1.6
Armour         | 2 3 |  3.1
Short Blades   | 1 2 |  2.3
Fighting       | |  3.7
Throwing       | |  0.1
Invocations    | |  2.6

Action                   |  1- 3 |  4- 6 || total
-------------------------+-------+-------++-------
Melee: Mace              |    60 |       ||    60
       Short sword       |    59 |   128 ||   187
 Fire: Blowgun           |       |     8 ||     8
Invok: Depart the Abyss  |     1 |       ||     1
  Use: Potion            |       |     9 ||     9
  Eat: Bread ration      |     1 |     2 ||     3
Armor: Leather armour    |    41 |     5 ||    46
       Chain mail        |       |   158 ||   158
       Scale mail        |       |     6 ||     6
Dodge: Dodged            |    88 |   116 ||   204
       Deflected         |       |     2 ||     2
